 Dungeon Crawl Stone Soup version 0.27.0-1-g7a089689b8 (webtiles) character file.

Game seed: 14116184646560360739

30 Kukuleta the Ducker (level 3, -3/29 HPs)
             Began as a Djinni Gladiator on Aug 7, 2021.
             Was a Follower of Wu Jian.
             Slain by Natasha (6 damage)
             ... on level 2 of the Dungeon.
             The game lasted 00:03:45 (1051 turns).

Kukuleta the Ducker (Djinni Gladiator)              Turns: 1051, Time: 00:03:46

Health: -3/29      AC:  4    Str: 13    XL:     3   Next: 37%
Gold:   29         EV: 12    Int: 10    God:    Wu Jian [*.....] SH:  0 Dex: 14

rFire    + + .     SeeInvis .   a - +0 long sword
rCold    x . .     Faith    .   (no shield)
rNeg     . . .     Spirit   .   b - +0 leather armour
rPois    ∞         Reflect  .   c - +0 helmet
rElec    .         Harm     .   (no cloak)
rCorr    .         Rampage  .   (no gloves)
Will     .....                  (boots unavailable)
Stlth    +.........             (no amulet)
HPRegen  0.09/turn              (no ring)
MPRegen  0.00/turn              (no ring)

@: flying
A: sickness immunity, fire resistance 2, cold vulnerability 1, float, innate
caster, hp casting, extra vitality 1
a: Renounce Religion


You were on level 2 of the Dungeon.
You worshipped Wu Jian.
Wu Jian was aware of your devotion.
You visited 1 branch of the dungeon, and saw 2 of its levels.

You collected 29 gold pieces.

Inventory:

Hand Weapons
 a - a +0 long sword (weapon)
Missiles
 d - 3 throwing nets (quivered)
Armour
 b - a +0 leather armour (worn)
 c - a +0 helmet (worn)
Scrolls
 f - a scroll of fear {unknown}
 i - a scroll of identify {unknown}
Potions
 e - a potion of curing {unknown}
 g - a potion of berserk rage {unknown}
 h - a potion of attraction {unknown}


   Skills:
 + Level 2.3 Fighting
 * Level 3.2 Long Blades
 - Level 1.5 Throwing
 + Level 1.0 Armour
 + Level 3.6 Dodging


You had one spell level left.
You knew the following spells:

 Your Spells              Type           Power      Damage    Failure   Level
a - Summon Small Mammal   Summ           0%         N/A       43%         1
Your spell library was empty.

Dungeon Overview and Level Annotations

Branches:
Dungeon (2/15)

Altars:
Wu Jian

Annotations:
D:2 Natasha


Innate Abilities, Weirdness & Mutations

You are immune to sickness and miasma.
You are immune to poison.
Your flesh is very heat resistant. (rF++)
You are vulnerable to cold. (rC-)
You float through the air rather than walking.
You learn spells naturally, not from books.
Your magical power is your life essence.
You have superior vitality. (+4 HP)


Message History

You closely miss the crimson imp.
The crimson imp is almost dead.
Your bat hits Natasha but does no damage.
Your rat misses Natasha. Natasha claws you. The crimson imp barely misses you.
You riposte.
You miss the crimson imp.
The crimson imp is severely wounded.
Your bat hits Natasha but does no damage.
The white imp gestures at you. The puff of frost hits your rat!
Your rat dies!
Your rat's corpse disappears in a puff of smoke!
You closely miss Natasha.
Natasha is moderately wounded.
Your bat barely misses Natasha.
Your bat hits Natasha.
Your bat hits Natasha but does no damage. x3
Natasha claws you!
* * * LOW HITPOINT WARNING * * *
The crimson imp completely misses you.
You riposte.
You closely miss the crimson imp.
The crimson imp is severely wounded.
The white imp gestures at you. The puff of frost misses your bat.
The puff of frost hits Natasha.
Your bat misses Natasha. You closely miss Natasha.
Natasha is heavily wounded.
Your bat barely misses Natasha.
Your bat closely misses Natasha. x2
Your bat barely misses Natasha.
Your bat closely misses Natasha.
Natasha misses you.
The crimson imp blinks!
Your bat hits the white imp. The white imp gestures at you.
The puff of frost hits your bat!
Your bat dies!
Your bat's corpse disappears in a puff of smoke!
Your bat hits Natasha but does no damage.
Natasha claws you.
* * * LOW HITPOINT WARNING * * *
You hit Natasha but do no damage.
Natasha is heavily wounded.
Your bat hits Natasha but does no damage. x2
Your bat misses Natasha. Natasha claws you.
You die...

# .#
#.##
#...
#..#
##..#
#b5#
#h#
#@#
#<#
#.#
#.#
..#
...
.###
. ..


You could see Natasha (ally target), a white imp (summoned) and a friendly bat
(summoned).

Vanquished Creatures
  2 endoplasms (D:1)
  2 goblins (D:1)
  3 hobgoblins (D:1)
  4 jackals (D:1)
  3 quokkas (D:1)
  2 ball pythons (D:1)
  4 bats (D:1)
  4 frilled lizards (D:1)
  2 kobolds (D:1)
  2 rats (D:1)
28 creatures vanquished.

Notes
Turn   | Place    | Note
-------+----------+-------------------------------------------
     0 | D:1      | Kukuleta the Djinni Gladiator began the quest for the Orb.
     0 | D:1      | Reached XP level 1. HP: 18/18 MP: 0/0
   155 | D:1      | Reached XP level 2. HP: 14/23 MP: 0/0
   276 | D:1      | Found a faded altar of an unknown god.
   298 | D:1      | Became a worshipper of the Wu Jian Council
   298 | D:1      | Reached * piety under Wu Jian
   595 | D:1      | Reached XP level 3. HP: 28/28 MP: 0/0
   595 | D:1      | Learned a level 1 spell: Summon Small Mammal
   862 | D:1      | Reached skill level 1 in Armour
  1035 | D:2      | Noticed Natasha
  1051 | D:2      | Slain by Natasha

Illustrated notes

Levels and vault maps discovered:
D:1:      dpeg_arrival_rooms_a, layout_rooms, ebering_ecumenical_altar_webs
D:2:      layout_rooms, grunt_decor_arrowhead, minivault_26, minivault_24,
          minmay_tetromino_o2, uniq_natasha

Skill      XL: |  1  2  3 |
---------------+----------+-----
Long Blades    | 3 |  3.2
Armour         | 1 |  1.0
Fighting       | |  2.3
Throwing       | |  1.5
Dodging        | |  3.6

Action                   || total
-------------------------++-------
Melee: Long sword        ||    82
 Cast: Summon Small Mamm ||     5
Invok: Lunge             ||     9
Armor: Leather armour    ||    12
Dodge: Dodged            ||    48
       Rpst.: Long sword ||    17
